 Dungeon Crawl Stone Soup version 0.31.0-11-ge490571c62 (webtiles) character file.

Game seed: 13862536914238599489

10 browni3141 the Trooper (level 2, 18/24 HPs)
             Began as a Demonspawn Cinder Acolyte on Jan 31, 2024.
             Was a High Priest of Ignis.
             Got out of the dungeon alive.
             The game lasted 00:00:09 (302 turns).

browni3141 the Trooper (Demonspawn Cinder Acolyte)   Turns: 302, Time: 00:00:10

Health: 18/24      AC:  4    Str: 14    XL:     2   Next: 10%
Magic:  3/3        EV: 11    Int: 14    God:    Ignis [*****.]
Gold:   22         SH:  0    Dex:  8    Spells: 3/3 levels left

rFire   + . .        a - -1 mace (flame)
rCold   . . .        (no shield)
rNeg    . . .        b - +0 robe
rPois   .            (no helmet)
rElec   .            (no cloak)
rCorr   .            (no gloves)
SInv    .            (no boots)
Will    .....        (no amulet)
Stlth   +            (no ring)
HPRegen 0.24/turn    (no ring)
MPRegen 0.08/turn

%: no passive effects
@: no status effects
A: icy blue scales 1
a: Renounce Religion, Fiery Armour, Foxfire Swarm, Rising Flame


You escaped.
You worshipped Ignis.
Ignis was extremely pleased with you.
You visited 1 branch of the dungeon, and saw 1 of its levels.

You collected 22 gold pieces.

Inventory:

Hand Weapons
 a - a -1 mace of flaming (weapon)
Missiles
 d - 6 boomerangs (quivered)
Armour
 b - a +0 robe (worn)
Potions
 c - a potion of curing {unknown}


   Skills:
 + Level 3.1 Fighting
 + Level 2.8 Maces & Flails
 + Level 1.2 Spellcasting
 + Level 2.8 Fire Magic


You had 3 spell levels left.
You didn't know any spells.
Your spell library contained the following spells:

 Spells                   Type           Power      Damage    Failure   Level
 Scorch                   Fire           16%        2d5       12%         2
 Cigotuvi's Dreadful Rot  Necr/Alch/Air  0%         N/A       36%         2
 Dispel Undead            Necr           0%         3d6       95%         4
 Martyr's Knell           Necr/Summ      0%         N/A       95%         4
 Death Channel            Necr           0%         N/A       100%        6


Dungeon Overview and Level Annotations

Branches:
Dungeon (1/15)

Altars:


Innate Abilities, Weirdness & Mutations

You are partially covered in icy blue scales. (AC +2)


Message History

The quokka is almost dead.
The quokka bites you.
The quokka bites you but does no damage.
You thump the quokka! You burn the quokka.
You kill the quokka!
HP restored.
You see here a quokka corpse.
You pick up a book of Decay and begin reading...
You add the spells Cigotuvi's Dreadful Rot, Dispel Undead, Martyr's Knell and Death Channel to your library.
Key pressed, stopping explore.
No target in view!
You now have 10 gold pieces.
Key pressed, stopping explore.
No target in view!
No target in view!
You now have 22 gold pieces (gained 12).
Found a stone staircase leading down.
No target in view!
There is a stone staircase leading down here.
Found a stone staircase leading down.
No target in view!
A bat comes into view.
A bat is nearby!
The bat barely misses you.
A bat is nearby!
The bat hits you but does no damage. The bat closely misses you.
There is a stone staircase leading down here.
A bat is nearby!
You barely miss the bat. The bat barely misses you.
A bat is nearby!
The bat closely misses you.
A bat is nearby!
You hit the bat. You burn the bat.
You kill the bat!
No target in view!
You see here a bat corpse.
A ball python comes into view.
The ball python hisses angrily.
A hobgoblin comes into view.
There are monsters nearby!
The hobgoblin shouts!
There are monsters nearby!
You completely miss the ball python.
The ball python bites you but does no damage.
The ball python grabs you. The ball python constricts you.
You hit the ball python. You burn the ball python.
You kill the ball python!
A hobgoblin is nearby!
You barely miss the hobgoblin. The hobgoblin closely misses you.
The hobgoblin barely misses you.
You hit the hobgoblin. You burn the hobgoblin.
The hobgoblin is almost dead.
The hobgoblin closely misses you.
You hit the hobgoblin but do no damage.
The hobgoblin is almost dead.
The hobgoblin barely misses you.
You hit the hobgoblin. You burn the hobgoblin.
You kill the hobgoblin!
A bat comes into view.
The bat moves out of view.
No target in view!
The bat closely misses you. The bat hits you but does no damage.
You closely miss the bat. The bat hits you but does no damage.
A bat is nearby!
You closely miss the bat. The bat misses you.
The bat hits you but does no damage.
A bat is nearby!
You miss the bat. The bat hits you.
A hobgoblin comes into view.
There are monsters nearby!
The hobgoblin shouts!
The bat hits you but does no damage. The bat hits you but does no damage.
The bat closely misses you.
You barely miss the bat. The bat barely misses you. The hobgoblin hits you.
You completely miss the hobgoblin. The bat barely misses you.
The hobgoblin hits you. x2
The bat barely misses you. The hobgoblin hits you.
You barely miss the bat. The bat hits you but does no damage.
The hobgoblin hits you.
You hit the hobgoblin. You burn the hobgoblin.
The hobgoblin is severely wounded.
The bat barely misses you.
The hobgoblin hits you but does no damage.
You hit the hobgoblin. You burn the hobgoblin.
You kill the hobgoblin!
The bat closely misses you.
You have reached level 2!
Your demonic ancestry asserts itself...
Icy blue scales grow over part of your body.
You hit the bat. You burn the bat.
You kill the bat!
You see here a bat corpse.
You see here a bat corpse.
There is a stone staircase leading down here.
There is an open door here.
There is a fountain of clear blue water here.
There is a staircase leading out of the dungeon here.
You have escaped!

#.# #.##...######### ..#
#.##.#.........#############
###
#.##...#######...........>.†
#.###............###########
#.# ##...##'##...# ######.#
#...#...#...# .......#
#.###.⌠.###.# ########
#.#.......#.# #.#.⌠.@.⌠.#.#
#.#.......#.# #.###.⌠.###.#
# ### #####...#...# ..# .#
#...........##+##...# ..
#.######............# #
#.########.##.##..... #
###.....####....####### #
...................#


There were no monsters in sight!

Vanquished Creatures
  2 ball pythons (D:1)
  An endoplasm (D:1)
  2 hobgoblins (D:1)
  A quokka (D:1)
  3 bats (D:1)
9 creatures vanquished.

Notes
Turn   | Place    | Note
-------+----------+-------------------------------------------
     0 | D:1      | browni3141 the Demonspawn Cinder Acolyte began the quest
                  | for the Orb.
     0 | D:1      | Reached XP level 1. HP: 18/18 MP: 2/2
   262 | D:1      | Gained mutation: You are partially covered in icy blue
                  | scales. (AC +2) [demonic ancestry]
   262 | D:1      | Reached XP level 2. HP: 9/24 MP: 3/3
   302 | D:$      | Got out of the dungeon alive.

Illustrated notes

Levels and vault maps discovered:
D:1:      dpeg_arrival_simpleton_c, layout_loops_ring

Action                     || total
---------------------------++-------
  Melee: Mace              ||    27
   Stab: Sleeping          ||     1
 Armour: Robe              ||    21
  Dodge: Dodged            ||    25
